 Seeded DCSS version 0.30-a0-1066-g63dfefce0d (webtiles) character file.

Game seed: 13020561292390072626 (custom seed)

2 Pimp the Firebug (level 1, 13/13 HPs)
             Began as a Demonspawn Fire Elementalist on Apr 12, 2023.
             Quit the game on level 1 of the Dungeon.
             The game lasted 00:00:27 (41 turns).

Pimp the Firebug (Demonspawn Fire Elementalist)       Turns: 41, Time: 00:00:28

Health: 13/13      AC:  2    Str:  8    XL:     1   Next: 25%
Magic:  1/3        EV: 12    Int: 16    God:
Gold:   0          SH:  0    Dex: 13    Spells: 3/4 levels left

rFire   . . .      SeeInvis .    c - +0 dagger
rCold   . . .      Faith    .    (no shield)
rNeg    . . .      Spirit   .    a - +0 robe
rPois   .          Reflect  .    (no helmet)
rElec   .          Rampage  .    (no cloak)
rCorr   .                        (no gloves)
Will    .....                    (no boots)
Stlth   ++                       (no amulet)
HPRegen 0.22/turn                (no ring)
MPRegen 0.08/turn                (no ring)

@: no status effects
A: no striking features
a: no special abilities


You were on level 1 of the Dungeon.
You visited 1 branch of the dungeon, and saw 1 of its levels.

Inventory:

Hand Weapons
 c - a +0 dagger (weapon)
Armour
 a - a +0 robe (worn)
Potions
 b - a potion of magic


   Skills:
 + Level 1.8 Dodging
 + Level 1.8 Stealth
 + Level 2.0 Spellcasting
 + Level 1.0 Conjurations
 + Level 2.7 Fire Magic


You had 3 spell levels left.
You knew the following spells:

 Your Spells              Type           Power      Damage    Failure   Level
a - Foxfire               Conj/Fire      28%        2x1d5     10%         1

Your spell library contained the following spells:

 Spells                   Type           Power      Damage    Failure   Level
 Scorch                   Fire           20%        2d5       11%         2
 Shock                    Conj/Air       12%        1d3       17%         1
 Inner Flame              Hex/Fire       5%         N/A       34%         3
 Volatile Blastmotes      Fire/Tloc      10%        2d10      34%         3
 Swiftness                Air            1%         N/A       52%         3
 Flame Wave               Conj/Fire      7%         2d5       67%         4
 Airstrike                Air            0%         2d(1-17)  90%         4


Dungeon Overview and Level Annotations

Branches:
Dungeon (1/15)

Altars:


Message History

There is a large open door here.
You open the large door.
There is a large open door here.
Found a scroll labelled VAPHEPTOFAL.
Found a scroll labelled LAOKHLU ABENESK.
A goblin comes into view. It is wielding a +0 dagger.
Found 6 stones.
The goblin shouts!
You hear an angry hiss.
A frilled lizard comes into view.
The goblin hits you with a +0 dagger.
Casting: Foxfire (safe; 10% risk of failure)
Confirm with . or Enter, or press ? or * to list all spells.
You miscast Foxfire.
You are very lightly contaminated with residual magic.
Nothing appears to happen.
The goblin closely misses you.
Casting: Foxfire (safe; 10% risk of failure)
Confirm with . or Enter, or press ? or * to list all spells.
You conjure some foxfire!
The goblin barely misses you.
Unknown command.
Casting: Foxfire (safe; 10% risk of failure)
Confirm with . or Enter, or press ? or * to list all spells.
You conjure some foxfire!
The foxfire hits the goblin.
You kill the goblin!
The foxfire hits the frilled lizard.
You kill the frilled lizard!
Sorry, you're not good enough to have a special ability.
Unknown command.
Things that are here:
a +0 dagger; a goblin corpse
c - a +0 dagger
c - a +0 dagger (weapon)
Your foxfire dissipates! x2
Your magical contamination has completely faded away.
d - a scroll labelled LAOKHLU ABENESK This is a scroll of acquirement!
You see here a book of Air.
Something appears at your feet!
Unknown command.
You pick up a book of Air and begin reading...
You add the spells Shock, Swiftness and Airstrike to your library.
Are you sure you want to abandon this character and quit the game? (Confirm with "yes".)

#.#.# #.# #.#.# #.#
#.#.###.# #
####..?....########### ..
....................'.
#..#####...†..########.'.
............(# #.##
#.....#.....## #.#
###..@....# #.# ##......#
#.# .............# #.#
######......## #.#
...####..# #.## #.# #. .#
# #


There were no monsters in sight!

Vanquished Creatures
  A goblin (D:1)
  A frilled lizard (D:1)
2 creatures vanquished.

Vanquished Creatures (others)
  3 foxfires (D:1)
3 creatures vanquished.

Grand Total: 5 creatures vanquished

Notes
Turn   | Place    | Note
-------+----------+-------------------------------------------
     0 | D:1      | Pimp the Demonspawn Fire Elementalist began the quest for
                  | the Orb.
     0 | D:1      | Reached XP level 1. HP: 13/13 MP: 3/3
    36 | D:1      | Identified a scroll of acquirement
    36 | D:1      | Acquired a book of Air
    41 | D:1      | Quit the game

Illustrated notes

Levels and vault maps discovered:
D:1:      lightli_arrival_lavapool, layout_basic

Action                     || total
---------------------------++-------
   Cast: Foxfire           ||     2
    Use: Scroll            ||     1
  Dodge: Dodged            ||     2

Table legend: (Time is in decaauts)
 A = Elapsed time spent in this place.
 B = Non-inter-level travel time spent in this place.
 C = Inter-level travel time spent in this place.
 D = Time resting spent in this place.
 E = Time spent auto-exploring this place.
 F = Levels seen in this place.
 G = Mean time per level.
                   A        B        C        D        E       F      G
               +--------+--------+--------+--------+--------+-----+--------+
         Total |     40 |     40 |      0 |      0 |      0 |   1 |   40.0 |
       Dungeon |     40 |     40 |      0 |      0 |      0 |   1 |   40.0 |
               +--------+--------+--------+--------+--------+-----+--------+

Top non-repeatable levels by time:
     D:1: 40 daAuts
